 Dungeon Sprint DCSS version 0.21.0-37-g46506fa (webtiles) character file.

21765 sanboga the Severer (level 12, -18/139 HPs)
             Began as a Gargoyle Berserker on Jan 31, 2018.
             Was the Champion of Trog.
             Killed from afar by a hellephant (21 damage)
             ... with a blast of flame
             ... in the Dungeon (Sprint II: "The Violet Keep of Menkaure").
             The game lasted 00:16:42 (3576 turns).

sanboga the Severer (Gargoyle Berserker)            Turns: 3576, Time: 00:16:42

Health: -18/139    AC: 26    Str: 29    XL:     12   Next: 93%
Magic:  12/12      EV:  2    Int: 10    God:    Trog [******]
Gold:   898        SH:  0    Dex:  9    Spells: 11/11 levels left

rFire    + . .     SeeInvis .   a - +8 broad axe of Hukuklumm {vamp, rF+ rN+}
rCold    + . .     Gourm    .   (no shield)
rNeg     + + +     Faith    .   (armour currently unavailable)
rPois    ∞         Spirit   .   (helmet currently unavailable)
rElec    .         Reflect  .   (cloak currently unavailable)
rCorr    .         Harm     .   (gloves currently unavailable)
MR       .....     NoTele   +   (boots currently unavailable)
Stlth    +.........             (no amulet)
HPRegen  0.33/turn              o - ring of protection from cold
MPRegen  0.13/turn              x - ring "Hiutoorgh" {*Corrode rPois rN++ Str+4 Int+3}

@: tree-form, berserk cooldown, slowed, studying Fighting, very slow
A: dopey 1, negative energy resistance 1, sense surroundings 1, petrification
resistance, no potion heal 1, rot immunity, AC +8
a: Berserk, Trog's Hand, Brothers in Arms, Burn Spellbooks, Renounce Religion


You were in the Dungeon.
You worshipped Trog.
Trog was exalted by your worship.
You were not hungry.
You were a tree.
You visited 1 branch You collected 2123 gold pieces.
You spent 1225 gold pieces at shops.

Inventory:

Hand Weapons
 a - the +8 broad axe of Hukuklumm (weapon) {vamp, rF+ rN+}
   (You acquired it in the Dungeon)

   It inflicts no extra harm, but heals its wielder when it wounds a living foe.
   It protects you from fire.
   It protects you from negative energy.
Armour
 k - the +7 plate armour of the Greedy (melded) {rElec rPois Str+3}
   (You bought it in a shop in the Dungeon)

   It affects your strength (+3).
   It insulates you from electricity.
   It protects you from poison.
 n - a +1 pair of boots (melded)
 v - a +2 cloak of magic resistance (melded)
 B - a +1 helmet of see invisible (melded)
Jewellery
 o - a ring of protection from cold (left branch)
 x - the ring "Hiutoorgh" (right branch) {*Corrode rPois rN++ Str+4 Int+3}
   (You found it in the Dungeon)

   [ring of strength]

   It affects your strength (+4).
   It affects your intelligence (+3).
   It protects you from poison.
   It greatly protects you from negative energy.
   It may corrode you when you take damage.
 y - an uncursed ring of flight
Scrolls
 b - 2 scrolls of enchant weapon
 i - a scroll of blinking
 m - 3 scrolls of remove curse
 p - a scroll of identify
 r - a scroll of immolation
Potions
 d - a potion of curing
 f - 6 potions of haste
 g - 5 potions of magic
 h - a potion of berserk rage
 l - 9 potions of flight
 q - a potion of might
 s - 3 potions of resistance
 u - a potion of ambrosia
 z - a potion of experience {unknown}
Books
 t - a manual of Fighting
 A - a book of Ice

   Spells                             Type                      Level
   a - Ice Form                       Ice/Transmutation            4
   b - Metabolic Englaciation         Hexes/Ice                    5
   c - Ozocubu's Refrigeration        Ice                          6
   d - Bolt of Cold                   Conjuration/Ice              6
   e - Freezing Cloud                 Conjuration/Ice/Air          6
   f - Simulacrum                     Ice/Necromancy               6
   Trog disapproves of the use of such an item.
Miscellaneous
 e - a phantom mirror
Comestibles
 c - 8 rations


   Skills:
 + Level 18.4 Fighting
 * Level 19.9 Axes
 + Level 17.3 Armour
 - Level 2.7 Dodging


You had 11 spell levels left.
You didn't know any spells.

Dungeon Overview and Level Annotations

Branches:
Dungeon (1/1)

Altars:
Cheibriados
Dithmenos
Elyvilon
Fedhas
Gozag
Hepliaklqana
Kikubaaqudgha
Makhleb
Nemelex Xobeh
Okawaru
Qazlal
Ru
Sif Muna
Trog
Uskayaw
Vehumet
Wu Jian
Xom
Yredelemnul
Zin
The Shining One
Beogh
Jiyva
Lugonu

Shops:
D :(=!:=[!}(?(=(!([%[:

Annotations:
D exclusions: obsidian statue and oklob plant


Innate Abilities, Weirdness & Mutations

You are resistant to torment.
((Your stone body is resilient. (AC +8)))
You are immune to poison.
You resist negative energy. (rN+)
((You are resistant to electric shocks. (rElec)))
((You can survive without breathing.))
You are immune to petrification.
You are immune to rotting.
((Your flesh is cold resistant. (rC+)))
((Armour fits poorly on your strangely shaped body.))
You are dopey. (Int -2)
You passively map a small area around you.
Potions are less effective at restoring your health.


Message History

You barely miss the hellephant.
The hellephant is heavily wounded.
The hellephant tramples you but does no damage.
The hellephant bites you but does no damage.
The hellephant gores you.
* * * LOW HITPOINT WARNING * * *
You turn into a tree.
Your +2 cloak of magic resistance melds into your body.
Your +1 helmet of see invisible melds into your body.
Your +1 pair of boots melds into your body.
The +7 plate armour of the Greedy {rElec rPois Str+3} melds into your body.
You feel less resistant to hostile enchantments.
You feel less perceptive.
Your roots penetrate the ground.
The hellephant tramples you!
* * * LOW HITPOINT WARNING * * *
The hellephant bites you but does no damage.
The hellephant gores you but does no damage.
The hellephant breathes flames at you. The blast of flame hits you! You resist.
You die...

▓▓+▓▓▓▓.▓, , * ,, , ,
+...▓0..▓ , * *
#§§.▓▓▓▓▓▓▓▓▓▓ ▓▓▓▓▓▓ , ,
#.§§▓≈≈≈≈≈≈≈≈▓▓▓(...▓ + +
##§)▓▓▓▓▓▓▓▓▓▓▓▓)▓▓.▓ +
.#}§▓...(...[▓▓)$.▓.▓ ≈
.#}}▓((.....[▓▓$⌠.▓.▓, ,
.#))▓...[..((▓▓.Y.▓.▓ ≈..≈+
####▓.[(...).▓▓.♣.▓.▓ +≈..≈+
##.#▓..[...(.▓▓.$.▓.▓ +≈..§+
#.)#▓......[.▓▓...▓.▓ +≈..≈+
#..#▓[[().[..▓▓.⌠.▓.▓ ▓≈..≈▓
##)#▓........▓▓...▓.▓ ▓≈..≈▓
..##▓▓▓▓▓▓▓'▓▓▓▓+▓▓§▓▓▓≈§.≈▓
≈≈≈≈≈≈≈≈≈≈≈...≈≈≈▓§§§§.)((#
+########'###.≈≈≈▓(§§§§.§##
.._.....#§§≈##≈≈≈▓§.§(.§##


You could see a hellephant.

Vanquished Creatures
  A deep elf blademaster (D)
  A kraken (D)
  Gastronok (D)
  A draconian shifter (D)
  Nessos (D)
  A dire elephant (D)
  A crystal guardian (D)
  An iron elemental (D)
  Sonja (D)
  3 sixfirhies (D)
  A glowing orange brain (D)
  An orange crystal statue (D)
  2 death drakes (D)
  A harpy (D)
  3 orc sorcerers (D)
  An eye of devastation (D)
  A yaktaur (D)
  3 polar bears (D)
  A hornet (D)
  2 tyrant leeches (D)
  3 hippogriffs (D)
  18 flying skulls (D)
  4 neqoxecs (D)
  A vampire mosquito (D)
  Menkaure (D)
  2 swamp drakes (D)
  4 necrophages (D)
  4 crocodiles (D)
  A jelly (D)
  4 worker ants (D)
  4 tentacles (D)
74 creatures vanquished.

Vanquished Creatures (others)
  35 tentacles (D)
35 creatures vanquished.

Grand Total: 109 creatures vanquished

Notes
Turn   | Place    | Note
-------+----------+-------------------------------------------
     0 | D        | sanboga the Gargoyle Berserker began the quest for the Orb.
     0 | D        | Reached XP level 1. HP: 14/14 MP: 1/1
     1 | D        | Noticed a tyrant leech
     1 | D        | Noticed a tyrant leech
     5 | D        | Noticed a worker ant
     5 | D        | Noticed a worker ant
     5 | D        | Noticed a worker ant
     5 | D        | Noticed a worker ant
    13 | D        | Killed a worker ant
    13 | D        | Reached skill level 3 in Axes
    13 | D        | Reached XP level 2. HP: 13/20 MP: 2/2
    17 | D        | Reached skill level 5 in Fighting
    17 | D        | Reached skill level 4 in Axes
    17 | D        | Reached XP level 3. HP: 18/26 MP: 3/3
    20 | D        | Reached ** piety under Trog
    20 | D        | Reached skill level 5 in Axes
    20 | D        | Reached XP level 4. HP: 21/31 MP: 4/4
    23 | D        | Reached skill level 5 in Armour
   218 | D        | Noticed a neqoxec
   218 | D        | Noticed a neqoxec
   218 | D        | Noticed a neqoxec
   218 | D        | Noticed a neqoxec
   226 | D        | Killed a neqoxec
   226 | D        | Reached skill level 7 in Axes
   226 | D        | Reached XP level 5. HP: 38/38 MP: 5/5
   232 | D        | Killed a neqoxec
   232 | D        | Reached *** piety under Trog
   232 | D        | Reached skill level 8 in Axes
   232 | D        | Reached XP level 6. HP: 36/44 MP: 6/6
   234 | D        | Killed a neqoxec
   234 | D        | Reached skill level 9 in Axes
   234 | D        | Reached XP level 7. HP: 41/50 MP: 7/7
   237 | D        | Killed a neqoxec
   237 | D        | Reached skill level 10 in Axes
   417 | D        | Reached **** piety under Trog
   425 | D        | Reached skill level 11 in Axes
   425 | D        | Reached XP level 8. HP: 47/57 MP: 8/8
   433 | D        | Reached skill level 10 in Fighting
   489 | D        | Noticed an obsidian statue
   491 | D        | Noticed Menkaure
   498 | D        | Reached ***** piety under Trog
   499 | D        | Killed Menkaure
   499 | D        | Reached skill level 10 in Armour
   504 | D        | Found Biddish's Antique Weapon Shop.
   504 | D        | Found Joij's Antique Armour Boutique.
   504 | D        | Found Vihoeras's Food Shop.
   505 | D        | Found Huawekor's Jewellery Shop.
   505 | D        | Found Uxziff's Weapon Shop.
   505 | D        | Found Omitosiff's Distillery.
   506 | D        | Found Rumoew's Antique Weapon Shop.
   506 | D        | Found Mamuus's Magic Scroll Boutique.
   506 | D        | Found Quw Leaf's Gadget Boutique.
   506 | D        | Found Juc Rowo's Weapon Shop.
   507 | D        | Found Huqecahu's Jewellery Shop.
   507 | D        | Found Xeirgh's Antique Armour Boutique.
   507 | D        | Found Zexzyx's Book Boutique.
   508 | D        | Found Dicwal's Distillery.
   508 | D        | Found Yqolulug's Jewellery Boutique.
   553 | D        | Noticed an oklob plant
   554 | D        | Found Titizir's Book Shoppe.
   556 | D        | Bought a heavily runed plate armour for 700 gold pieces
   566 | D        | Identified the +7 plate armour of the Greedy {rElec rPois Str+3} (You bought it in a shop in the Dungeon)
   592 | D        | Killed a tyrant leech
   611 | D        | Killed a tyrant leech
   611 | D        | Reached skill level 12 in Axes
   632 | D        | Bought a runed war axe for 175 gold pieces
   901 | D        | Found a stormy altar of Qazlal.
   902 | D        | Found a hazy altar of Hepliaklqana.
   902 | D        | Found a sacrificial altar of Ru.
   902 | D        | Found an ornate altar of the Wu Jian Council.
   903 | D        | Found a roughly hewn altar of Beogh.
   903 | D        | Found a viscous altar of Jiyva.
   903 | D        | Found a deep blue altar of Sif Muna.
   904 | D        | Found a snail-covered altar of Cheibriados.
   904 | D        | Found an ancient bone altar of Kikubaaqudgha.
   904 | D        | Found a shimmering altar of Xom.
   904 | D        | Found a bloodstained altar of Trog.
   905 | D        | Found a shadowy altar of Dithmenos.
   905 | D        | Found a corrupted altar of Lugonu.
   906 | D        | Found a white marble altar of Elyvilon.
   906 | D        | Found a burning altar of Makhleb.
   907 | D        | Found a blossoming altar of Fedhas.
   910 | D        | Noticed a yaktaur
   910 | D        | Noticed a hornet
   910 | D        | Noticed a polar bear
   911 | D        | Noticed a polar bear
   916 | D        | Killed a polar bear
   916 | D        | Reached XP level 9. HP: 64/64 MP: 9/9
   917 | D        | Noticed a polar bear
   926 | D        | Killed a polar bear
   941 | D        | Killed a polar bear
   941 | D        | Received a gift from Trog
   941 | D        | Reached skill level 13 in Axes
   949 | D        | Killed a yaktaur
   951 | D        | Killed a hornet
  1175 | D        | Found an opulent altar of Gozag.
  1181 | D        | Noticed a kraken
  1495 | D        | Killed a kraken
  1495 | D        | Reached skill level 15 in Axes
  1495 | D        | Reached XP level 10. HP: 73/73 MP: 3/10
  1590 | D        | Found a sparkling altar of Nemelex Xobeh.
  1590 | D        | Found a hide-covered altar of Uskayaw.
  1590 | D        | Found a basalt altar of Yredelemnul.
  1591 | D        | Found an iron altar of Okawaru.
  1591 | D        | Found a radiant altar of Vehumet.
  1591 | D        | Found a glowing silver altar of Zin.
  1696 | D        | Found a glowing golden altar of the Shining One.
  1721 | D        | Noticed a sixfirhy
  1724 | D        | Reached ****** piety under Trog
  1724 | D        | Received a gift from Trog
  1748 | D        | Received a gift from Trog
  1756 | D        | Reached skill level 16 in Axes
  1756 | D        | Reached XP level 11. HP: 73/80 MP: 3/11
  1767 | D        | Noticed a sixfirhy
  1770 | D        | Noticed a sixfirhy
  1894 | D        | Found Vacsoi's Book Shoppe.
  1895 | D        | Found Wonlis's Armour Boutique.
  1925 | D        | Found Jallecenk's Distillery.
  1927 | D        | Found Esackidu's Weapon Shoppe.
  1964 | D        | Noticed Nessos
  1982 | D        | Killed Nessos
  2039 | D        | Killed a sixfirhy
  2039 | D        | Received a gift from Trog
  2051 | D        | Killed a sixfirhy
  2056 | D        | Killed a sixfirhy
  2056 | D        | Reached skill level 17 in Axes
  2064 | D        | Identified a scroll of acquirement
  2065 | D        | Got an encrusted broad axe
  2067 | D        | Identified the +8 broad axe of Hukuklumm {vamp, rF+ rN+} (You acquired it in the Dungeon)
  2135 | D        | Noticed Gastronok
  2149 | D        | Killed Gastronok
  2149 | D        | Reached skill level 15 in Fighting
  2149 | D        | Reached skill level 15 in Armour
  2225 | D        | Noticed a death drake
  2226 | D        | Noticed a crystal guardian
  2227 | D        | Noticed a death drake
  2234 | D        | Killed a death drake
  2245 | D        | Killed a crystal guardian
  2255 | D        | Killed a death drake
  2255 | D        | Received a gift from Trog
  2255 | D        | Reached skill level 18 in Axes
  2289 | D        | Noticed a deep elf master archer
  2496 | D        | Reached XP level 12. HP: 85/88 MP: 12/12
  2508 | D        | Noticed an iron elemental
  2523 | D        | Killed an iron elemental
  2627 | D        | Bought a ration for 70 gold pieces
  2627 | D        | Bought a ration for 70 gold pieces
  2627 | D        | Bought a ration for 70 gold pieces
  2627 | D        | Bought a ration for 70 gold pieces
  2627 | D        | Bought a ration for 70 gold pieces
  2729 | D        | Noticed a dire elephant
  2742 | D        | Killed a dire elephant
  2745 | D        | Received a gift from Trog
  2803 | D        | Got a shimmering glass ring
  2877 | D        | Identified the ring "Hiutoorgh" {*Corrode rPois rN++ Str+4 Int+3} (You found it in the Dungeon)
  2967 | D        | Gained mutation: Potions are less effective at restoring your health. [mutagenic glow]
  2994 | D        | Gained mutation: You are weak. (Str -2) [mutagenic glow]
  3043 | D        | Lost mutation: You are weak. (Str -2) [mutagenic glow]
  3081 | D        | Gained mutation: Scrolls take you a little longer to read. [mutagenic glow]
  3124 | D        | Received a gift from Trog
  3124 | D        | Reached skill level 19 in Axes
  3129 | D        | Gained mutation: Your body sometimes deteriorates upon taking damage. [mutagenic glow]
  3175 | D        | Gained mutation: Scrolls take you longer to read. [mutagenic glow]
  3221 | D        | Gained mutation: Your body often deteriorates upon taking damage. [mutagenic glow]
  3250 | D        | Gained mutation: You expend magic power (3 MP) to strengthen your wands. [mutagenic glow]
  3442 | D        | Lost mutation: You expend magic power (3 MP) to strengthen your wands. [potion of mutation]
  3442 | D        | Lost mutation: Your body often deteriorates upon taking damage. [potion of mutation]
  3442 | D        | Lost mutation: Scrolls take you longer to read. [potion of mutation]
  3442 | D        | Gained mutation: Armour fits poorly on your strangely shaped body. [potion of mutation]
  3442 | D        | Gained mutation: You are dopey. (Int -2) [potion of mutation]
  3442 | D        | Gained mutation: You passively map a small area around you. [potion of mutation]
  3443 | D        | Lost mutation: Scrolls take you a little longer to read. [potion of mutation]
  3443 | D        | Lost mutation: Your body sometimes deteriorates upon taking damage. [potion of mutation]
  3443 | D        | Gained mutation: Your flesh is cold resistant. (rC+) [potion of mutation]
  3455 | D        | Noticed a deep elf blademaster
  3483 | D        | Killed a deep elf blademaster
  3539 | D        | Noticed Sonja
  3539 | D        | Noticed a white draconian shifter
  3539 | D        | Noticed a hellephant
  3549 | D        | Killed Sonja
  3549 | D        | Received a gift from Trog
  3567 | D        | Killed a white draconian shifter
  3576 | D        | HP: 3/139 [hellephant (16)]
  3576 | D        | Killed from afar by a hellephant

Skill      XL: |  1  2  3  4  5  6  7  8  9 10 11 12 |
---------------+-------------------------------------+-----
Fighting       | 4 5 7 8 9 11 13 14 15 18 | 18.4
Axes           | 3 4 5 7 8 9 11 12 15 16 18 19 | 19.9
Armour         | 3 4 6 7 8 9 11 13 15 17 | 17.3
Dodging        | 2 |  2.7

Action                   |  1- 3 |  4- 6 |  7- 9 | 10-12 || total
-------------------------+-------+-------+-------+-------++-------
Melee: Hand axe          |    14 |    17 |    78 |       ||   109
       War axe           |       |       |    49 |       ||    49
       Battleaxe         |       |       |     9 |    83 ||    92
       Broad axe         |       |       |       |   189 ||   189
Invok: Berserk           |     1 |     1 |     4 |     2 ||     8
  Use: Scroll            |       |       |    10 |     4 ||    14
       Potion            |       |       |     1 |     5 ||     6
  Eat: Chunk             |       |       |     4 |       ||     4
       Ration            |       |       |     1 |     4 ||     5
Armor: Animal skin       |     2 |     5 |    10 |       ||    17
       Plate armour      |       |       |   127 |   175 ||   302
       Skin              |       |       |       |     2 ||     2
Dodge: Dodged            |     7 |     6 |    82 |   106 ||   201
